 Dungeon Crawl Stone Soup version 0.31.0-11-ge490571c62 (webtiles) character file.

Game seed: 5984984982385830136

134 qw the Skirmisher (level 4, -1/25 HPs)
             Began as a Deep Elf Hunter on Feb 3, 2024.
             Slain by an orc wizard
             ... wielding a +1 dagger of electrocution
              (3 damage)
             ... on level 4 of the Dungeon.
             The game lasted 00:00:12 (2408 turns).

qw the Skirmisher (Deep Elf Hunter)                 Turns: 2408, Time: 00:00:12

Health: -1/25      AC:  6    Str: 10    XL:     4   Next: 95%
Magic:  6/6        EV: 12    Int: 14    God:
Gold:   146        SH:  0    Dex: 24    Spells: 3/3 levels left

rFire   + . .        a - +0 shortbow
rCold   . . .        (shield currently unavailable)
rNeg    . . .        f - +0 ring mail
rPois   .            d - +0 helmet
rElec   .            (no cloak)
rCorr   .            (no gloves)
SInv    .            (no boots)
Will    .....        (no amulet)
Stlth   ++           b - +6 ring of dexterity
HPRegen 0.24/turn    c - ring of protection from fire
MPRegen 0.10/turn

%: no passive effects
@: no status effects
A: no striking features
a: no special abilities


You were on level 4 of the Dungeon.
You visited 1 branch of the dungeon, and saw 4 of its levels.

You collected 146 gold pieces.


   Skills:
 - Level 1.5 Fighting
 + Level 8.0 Ranged Weapons
 - Level 3.2 Dodging
 - Level 1.2 Stealth


You had 3 spell levels left.
You didn't know any spells.
Your spell library was empty.

Inventory:

Hand Weapons
 a - a +0 shortbow (weapon)
Armour
 d - a +0 helmet (worn)
 f - a +0 ring mail (worn)
Jewellery
 b - a +6 ring of dexterity (left hand)
 c - a ring of protection from fire (right hand)
 j - a ring of protection from cold
Potions
 e - a potion of mutation
 g - 3 potions of might
 h - 2 potions of curing
 i - a potion of ambrosia {unknown}
 l - a potion of enlightenment {unknown}
 m - a potion of lignification {unknown}

Dungeon Overview and Level Annotations

Branches:
Dungeon (4/15)
 Temple: D:4-7

Altars:
Ashenzari
Dithmenos
Kikubaaqudgha
Wu Jian
Zin

Annotations:
D:4 Menkaure


Message History

The orc wizard is severely wounded.
The orc wizard barely misses you.
You shoot an arrow.
The arrow hits the orc wizard but does no damage.
The orc wizard is severely wounded.
The orc wizard casts a spell at you. The puff of flame hits you. You resist.
The orc wizard closely misses you.
You shoot an arrow. The arrow hits the orc wizard.
The orc wizard is almost dead.
The orc wizard gestures at you while chanting.
You resist with some effort.
The orc wizard gestures at you while chanting.
The puff of flame hits you. You resist.
You shoot an arrow.
The arrow closely misses the orc wizard.
The arrow hits the orc wizard but does no damage.
The orc wizard barely misses you.
The orc wizard hits you but does no damage.
The orc wizard mumbles some strange words.
The orc wizard flickers and vanishes!
Deactivating autopickup; reactivate with Ctrl-A.
The orc wizard gestures wildly while chanting.
The orc wizard flickers and vanishes!
The orc wizard gestures at you while chanting.
You resist with some effort.
You shoot an arrow.
The arrow closely misses the orc wizard.
The orc wizard hits you with a +0 dagger.
Something hits you.
The orc wizard hits you with a +0 dagger.
A puff of flame appears from out of thin air!
The puff of flame hits something!
You shoot an arrow. The arrow hits the orc wizard.
You kill the orc wizard!
Something hits you but does no damage.
You are electrocuted!
The orc wizard closely misses you.
Your Dodging skill increases to level 3!
You shoot an arrow. The arrow barely misses the orc wizard.
Something hits you.
You die...

######.............
#.......#########.#
#.#...............#
#...###..########.#
#...#.#...#######.#
#.###o###..........
#.#.o:..#.#######.#
#.###.###..........
#.@.'.#...##.#.####
##)o###......#.#
##......####...# #
#.##..# #...# #
#.#... #...# #
.#... ###.# # ...
#.# # . #.# . ##.##


You could see an orc wizard.

Vanquished Creatures
  A hound (D:3)
  An orc wizard (D:4)
  2 adders
  5 orcs (D:4)
  4 ball pythons
  5 endoplasms
  5 giant cockroaches
  8 goblins
  2 hobgoblins (D:3)
  3 quokkas
  5 bats
  6 frilled lizards
  3 kobolds
  4 rats
54 creatures vanquished.

Notes
Turn   | Place    | Note
-------+----------+-------------------------------------------
     0 | D:1      | qw the Deep Elf Hunter began the quest for the Orb.
     0 | D:1      | Reached XP level 1. HP: 12/12 MP: 3/3
     0 | D:1      | 0 ||| qw: Version: 0.3-a-158-g18b3111
     0 | D:1      | 0 ||| qw: Game counter: 4185
     0 | D:1      | 0 ||| qw: Melee chars always use a shield: true
     0 | D:1      | 0 ||| qw: God list: Okawaru
     0 | D:1      | 0 ||| qw: Allow faded altars: false
     0 | D:1      | 0 ||| qw: Do Orc after clearing Dungeon:15 true
     0 | D:1      | 0 ||| qw: Do second Lair branch before Depths: true
     0 | D:1      | 0 ||| qw: Lair rune preference: random
     0 | D:1      | 0 ||| qw: Goals: Normal
     0 | D:1      | 0 ||| PLANNING D:1-11
    86 | D:1      | Reached XP level 2. HP: 16/16 MP: 4/4
    99 | D:1      | Reached skill level 6 in Ranged Weapons
   629 | D:1      | 629 ||| UPGRADING to +0 ring mail.
   639 | D:1      | 639 ||| DROPPING +0 leather armour.
   640 | D:1      | 640 ||| READING 3 scrolls labelled KEQ POYFIEHIUQ.
   640 | D:1      | 640 ||| IDENTIFYING 2 fizzy yellow potions
   641 | D:1      | 641 ||| READING 2 scrolls of identify.
   641 | D:1      | 641 ||| IDENTIFYING scroll labelled PEXZUG OSSIMOV
   642 | D:1      | 642 ||| DROPPING scroll of butterflies.
   643 | D:1      | 643 ||| DROPPING scroll of poison.
   870 | D:2      | Reached XP level 3. HP: 20/20 MP: 5/5
  1081 | D:2      | Found a broken altar of Ashenzari.
  1219 | D:2      | 1219 ||| DROPPING scarf of shadows.
  1220 | D:2      | 1220 ||| UPGRADING to +6 ring of dexterity.
  1221 | D:2      | 1221 ||| READING scroll of identify.
  1221 | D:2      | 1221 ||| IDENTIFYING fuming ruby potion
  1222 | D:2      | 1222 ||| READING scroll labelled LYFIUR JAF EPN.
  1223 | D:2      | 1223 ||| DRINKING 2 murky black potions.
  1372 | D:3      | Reached skill level 7 in Ranged Weapons
  1539 | D:3      | Reached XP level 4. HP: 25/25 MP: 6/6
  1790 | D:3      | 1790 ||| UPGRADING to ring of protection from fire.
  1791 | D:3      | 1791 ||| DROPPING ring of fire.
  1792 | D:3      | 1792 ||| READING scroll labelled QELUNURRIA.
  1988 | D:4      | Found an ancient bone altar of Kikubaaqudgha.
  1988 | D:4      | Found a glowing silver altar of Zin.
  1990 | D:4      | Found an ornate altar of the Wu Jian Council.
  2054 | D:4      | Reached skill level 8 in Ranged Weapons
  2187 | D:4      | Found a shadowy altar of Dithmenos.
  2219 | D:4      | Noticed Menkaure
  2222 | D:4      | 2222 ||| FLEEEEING.
  2223 | D:4      | 2223 ||| FLEEEEING.
  2224 | D:4      | 2224 ||| FLEEEEING.
  2225 | D:4      | 2225 ||| FLEEEEING.
  2226 | D:4      | 2226 ||| FLEEEEING.
  2227 | D:4      | 2227 ||| FLEEEEING.
  2228 | D:4      | 2228 ||| FLEEEEING.
  2229 | D:4      | 2229 ||| FLEEEEING.
  2230 | D:4      | 2230 ||| STAIRDANCE
  2266 | D:3      | 2266 ||| UPGRADING to +0 helmet.
  2271 | D:3      | 2271 ||| DRINKING 2 smoky silvery potions.
  2272 | D:3      | 2272 ||| FLEEEEING.
  2273 | D:3      | 2273 ||| FLEEEEING.
  2274 | D:3      | 2274 ||| FLEEEEING.
  2275 | D:3      | 2275 ||| FLEEEEING.
  2276 | D:3      | 2276 ||| FLEEEEING.
  2277 | D:3      | 2277 ||| FLEEEEING.
  2278 | D:3      | 2278 ||| FLEEEEING.
  2279 | D:3      | 2279 ||| FLEEEEING.
  2280 | D:3      | 2280 ||| FLEEEEING.
  2281 | D:3      | 2281 ||| FLEEEEING.
  2282 | D:3      | 2282 ||| FLEEEEING.
  2283 | D:3      | 2283 ||| FLEEEEING.
  2284 | D:3      | 2284 ||| FLEEEEING.
  2285 | D:3      | 2285 ||| FLEEEEING.
  2286 | D:3      | 2286 ||| FLEEEEING.
  2287 | D:3      | 2287 ||| FLEEEEING.
  2288 | D:3      | 2288 ||| FLEEEEING.
  2289 | D:3      | 2289 ||| FLEEEEING.
  2290 | D:3      | 2290 ||| FLEEEEING.
  2291 | D:3      | 2291 ||| FLEEEEING.
  2292 | D:3      | 2292 ||| STAIRDANCE
  2294 | D:2      | 2294 ||| FLEEEEING.
  2295 | D:2      | 2295 ||| FLEEEEING.
  2296 | D:2      | 2296 ||| FLEEEEING.
  2297 | D:2      | 2297 ||| FLEEEEING.
  2298 | D:2      | 2298 ||| FLEEEEING.
  2299 | D:2      | 2299 ||| FLEEEEING.
  2300 | D:2      | 2300 ||| FLEEEEING.
  2301 | D:2      | 2301 ||| FLEEEEING.
  2302 | D:2      | 2302 ||| FLEEEEING.
  2303 | D:2      | 2303 ||| FLEEEEING.
  2304 | D:2      | 2304 ||| FLEEEEING.
  2305 | D:2      | 2305 ||| FLEEEEING.
  2306 | D:2      | 2306 ||| FLEEEEING.
  2307 | D:2      | 2307 ||| FLEEEEING.
  2308 | D:2      | 2308 ||| FLEEEEING.
  2309 | D:2      | 2309 ||| FLEEEEING.
  2310 | D:2      | 2310 ||| FLEEEEING.
  2311 | D:2      | 2311 ||| FLEEEEING.
  2312 | D:2      | 2312 ||| FLEEEEING.
  2313 | D:2      | 2313 ||| FLEEEEING.
  2314 | D:2      | 2314 ||| FLEEEEING.
  2315 | D:2      | 2315 ||| FLEEEEING.
  2316 | D:2      | 2316 ||| FLEEEEING.
  2317 | D:2      | 2317 ||| FLEEEEING.
  2318 | D:2      | 2318 ||| FLEEEEING.
  2319 | D:2      | 2319 ||| DROPPING potion of berserk rage.
  2407 | D:4      | HP: 1/25 [something (11)]
  2408 | D:4      | Reached skill level 3 in Dodging
  2408 | D:4      | Slain by an orc wizard

Levels and vault maps discovered:
D:1:      amcnicky_arrival_double_pillar, layout_basic, nicolae_titane
D:2:      layout_loops_ring, basic_altar
D:3:      minmay_diamond_boxcup, layout_basic, minmay_puff
D:4:      layout_loops_ring, nicolae_dithmenos_the_darkroom,
          gammafunk_temple_overflow_claw, fountainhead,
          minmay_misc_feat_encased, nicolae_kite_square_tiling_tiny,
          minmay_a_box_with_orc_wizards_in_it, uniq_menkaure

Skill      XL: |  1  2  3  4 |
---------------+-------------+-----
Ranged Weapons | 6 7 8 |  8.0
Dodging        | 3 |  3.2
Fighting       | |  1.5
Stealth        | |  1.2

Action                     |  1- 3 |  4- 6 || total
---------------------------+-------+-------++-------
   Fire: Shortbow          |    81 |    57 ||   138
    Use: Scroll            |     4 |     1 ||     5
         Potion            |     1 |     1 ||     2
 Armour: Leather armour    |     5 |       ||     5
         Ring mail         |     8 |    24 ||    32
  Dodge: Dodged            |    13 |    32 ||    45

Table legend:
 A = Non-vault XP
 B = Vault XP
 C = Vault XP percentage of total XP
 D = Non-vault monster count
 E = Vault monster count
 F = Vault count percentage of total count
                 A         B        C        D         E       F
            +---------+---------+-------+---------+---------+-------
      Total |      92 |     100 |  52.1 |      45 |       9 |  16.7
            +---------+---------+-------+---------+---------+-------
        D:1 |      24 |       0 |   0.0 |      14 |       0 |   0.0
        D:2 |      29 |       0 |   0.0 |      11 |       0 |   0.0
        D:3 |      17 |      64 |  79.0 |      11 |       8 |  42.1
        D:4 |      22 |      36 |  62.1 |       9 |       1 |  10.0
            +---------+---------+-------+---------+---------+-------
